General information
- name: BNet
- type: Ladder team game (AT/RT)
- host: Battle.net
- saver: twa151
map: FullScaleAssault
- players: 8
- length: 52:06
- speed: Fast
- version: 1.26 W3XP
- replay type:

» download(491 KB)
Players
team 1 (loser)
Dr.smirnoFF(oO) (
orange | 57 APM | 2842 actions | 49:44)
7 Death Knight
3 Death Coil
3 Unholy Aura
1 Animate Dead
» actions
| Assign group hotkey | 34 | |
| Basic commands | 6 | |
| Build / train | 74 | |
| Enter build submenu | 23 | |
| Enter hero's abilities submenu | 8 | |
| Give item / drop item | 3 | |
| Remove unit from queue | 3 | |
| Right click | 1055 | |
| Select / deselect | 292 | |
| Select group hotkey | 1265 | |
| Use ability | 79 | |
2842 total
» units
| Acolyte | 9 | |
| Ghoul | 9 | |
| Crypt Fiend | 6 | |
| Frost Wyrm | 20 | |
| Goblin Shredder | 1 | |
45 total
» upgrades
| Creature Attack | 4 | |
| Web | 1 | |
| Creature Carapace | 4 | |
| Freezing Breath | 1 | |
10 total
» buildings
| Graveyard | 1 | |
| Crypt | 1 | |
| Ziggurat | 15 | |
| Altar of Darkness | 1 | |
| Tomb of Relics | 1 | |
| Halls of the Dead | 1 | |
| Sacrificial Pit | 1 | |
| Black Citadel | 1 | |
| Boneyard | 3 | |
| Nerubian Tower | 3 | |
| Spirit Tower | 2 | |
30 total
» build order
00:18 Graveyard
00:22 Crypt
00:41 Ziggurat
01:26 Altar of Darkness
01:52 Tomb of Relics
02:15 Ziggurat
02:38 Ziggurat
04:13 Halls of the Dead
05:42 Ziggurat
06:29 Ziggurat
06:30 Ziggurat
06:40 Sacrificial Pit
08:57 Black Citadel
09:16 Ziggurat
09:17 Ziggurat
10:14 Ziggurat
10:16 Ziggurat
10:20 Ziggurat
10:21 Ziggurat
12:28 Boneyard
12:29 Boneyard
12:30 Boneyard
15:56 Nerubian Tower
15:58 Nerubian Tower
18:33 Spirit Tower
18:36 Ziggurat
19:50 Nerubian Tower
20:40 Spirit Tower
29:39 Ziggurat
29:40 Ziggurat
I.m_ProWleR (
red | 48 APM | 2388 actions | 49:47)
5 Blademaster
2 Wind Walk
3 Critical Strike
» actions
| Assign group hotkey | 73 | |
| Basic commands | 43 | |
| Build / train | 90 | |
| Enter build submenu | 33 | |
| Enter hero's abilities submenu | 5 | |
| Give item / drop item | 1 | |
| Remove unit from queue | 8 | |
| Right click | 812 | |
| Select / deselect | 569 | |
| Select group hotkey | 549 | |
| Use ability | 205 | |
2388 total
» units
| Peon | 14 | |
| Troll Batrider | 23 | |
| Shaman | 8 | |
| Troll Witch Doctor | 9 | |
| Spirit Walker | 5 | |
59 total
» upgrades
| Melee Weapons | 1 | |
| Armor | 1 | |
| Spiked Barricades | 1 | |
| Shaman Training | 2 | |
| Liquid Fire | 1 | |
| Witch Doctor Training | 2 | |
| Spirit Walker Training | 2 | |
10 total
» buildings
| Altar of Storms | 1 | |
| Orc Burrow | 7 | |
| Voodoo Lounge | 1 | |
| War Mill | 1 | |
| Stronghold | 2 | |
| Watch Tower | 11 | |
| Beastiary | 2 | |
| Spirit Lodge | 2 | |
| Fortress | 1 | |
| Tauren Totem | 1 | |
| Great Hall | 1 | |
30 total
» build order
00:08 Altar of Storms
00:12 Orc Burrow
00:39 Voodoo Lounge
01:37 Orc Burrow
02:15 War Mill
03:16 Stronghold
03:16 Stronghold
03:31 Watch Tower
04:26 Watch Tower
04:59 Orc Burrow
05:41 Beastiary
06:09 Beastiary
06:17 Spirit Lodge
08:42 Fortress
09:43 Orc Burrow
12:00 Tauren Totem
12:06 Orc Burrow
16:09 Watch Tower
22:04 Spirit Lodge
26:11 Orc Burrow
26:13 Orc Burrow
28:50 Great Hall
30:31 Watch Tower
30:34 Watch Tower
30:39 Watch Tower
31:45 Watch Tower
32:38 Watch Tower
32:40 Watch Tower
32:44 Watch Tower
34:11 Watch Tower
» items
| Lesser Clarity Potion | 2 | |
| Healing Salve | 1 | |
3 total
icho_mann (
yellow | 72 APM | 3569 actions | 49:44)
6 Death Knight
3 Death Coil
3 Unholy Aura
4 Lich
2 Frost Nova
2 Frost Armor
» actions
| Assign group hotkey | 102 | |
| Basic commands | 4 | |
| Build / train | 70 | |
| Enter build submenu | 33 | |
| Enter hero's abilities submenu | 10 | |
| Give item / drop item | 3 | |
| Remove unit from queue | 5 | |
| Right click | 1581 | |
| Select / deselect | 535 | |
| Select group hotkey | 1035 | |
| Use ability | 191 | |
3569 total
» units
| Acolyte | 14 | |
| Ghoul | 4 | |
| Crypt Fiend | 5 | |
| Frost Wyrm | 10 | |
| Blue Dragon | 1 | |
| Meatwagon | 1 | |
35 total
» upgrades
| Creature Attack | 3 | |
| Web | 1 | |
| Creature Carapace | 3 | |
| Freezing Breath | 1 | |
| Unholy Strength | 1 | |
| Unholy Armor | 1 | |
10 total
» buildings
| Graveyard | 1 | |
| Crypt | 1 | |
| Altar of Darkness | 1 | |
| Ziggurat | 15 | |
| Tomb of Relics | 1 | |
| Nerubian Tower | 1 | |
| Spirit Tower | 3 | |
| Halls of the Dead | 1 | |
| Black Citadel | 1 | |
| Necropolis | 3 | |
| Sacrificial Pit | 1 | |
| Boneyard | 3 | |
| Slaughterhouse | 2 | |
34 total
» build order
00:17 Graveyard
00:24 Crypt
00:51 Altar of Darkness
01:08 Ziggurat
01:51 Tomb of Relics
02:11 Ziggurat
02:43 Nerubian Tower
03:54 Spirit Tower
04:42 Halls of the Dead
04:44 Ziggurat
04:46 Ziggurat
07:30 Black Citadel
08:18 Necropolis
09:08 Sacrificial Pit
10:08 Ziggurat
10:09 Ziggurat
10:11 Ziggurat
11:01 Boneyard
11:05 Spirit Tower
12:22 Boneyard
12:29 Boneyard
13:34 Ziggurat
13:35 Spirit Tower
26:11 Ziggurat
26:16 Ziggurat
26:17 Ziggurat
26:55 Slaughterhouse
27:01 Slaughterhouse
30:13 Ziggurat
30:14 Ziggurat
30:16 Ziggurat
30:18 Ziggurat
30:20 Necropolis
32:07 Necropolis
» items
| Rod of Necromancy | 1 | |
| Dust of Appearance | 1 | |
| Staff of Teleportation | 1 | |
3 total
mentalpatient (
pink | 58 APM | 3041 actions | 52:05)
5 Mountain King
3 Storm Bolt
2 Bash
5 Paladin
3 Holy Light
2 Devotion Aura
4 Archmage
2 Summon Water Elemental
2 Brilliance Aura
» actions
| Assign group hotkey | 57 | |
| Basic commands | 4 | |
| Build / train | 167 | |
| Enter build submenu | 75 | |
| Enter hero's abilities submenu | 15 | |
| Give item / drop item | 1 | |
| Remove unit from queue | 1 | |
| Right click | 1036 | |
| Select / deselect | 882 | |
| Select group hotkey | 655 | |
| Use ability | 148 | |
3041 total
» units
| Peasant | 22 | |
| Footman | 9 | |
| Priest | 8 | |
| Flying Machine | 5 | |
| Spell Breaker | 2 | |
| Siege Engine | 9 | |
| Knight | 9 | |
| Dragonhawk Rider | 11 | |
| Goblin Zeppelin | 2 | |
77 total
» upgrades
| Plating | 3 | |
| Swords | 3 | |
| Gunpowder | 2 | |
| Lumber Harvesting | 2 | |
| Barrage | 1 | |
| Priest Training | 2 | |
| Magic Sentry | 1 | |
| Cloud | 1 | |
| Animal War Training | 1 | |
| Masonry | 2 | |
| Defend | 1 | |
19 total
» buildings
| Barracks | 2 | |
| Altar of Kings | 1 | |
| Farm | 14 | |
| Scout Tower | 37 | |
| Arcane Tower | 1 | |
| Lumber Mill | 3 | |
| Blacksmith | 1 | |
| Keep | 1 | |
| Arcane Vault | 1 | |
| Town Hall | 3 | |
| Guard Tower | 38 | |
| Arcane Sanctum | 1 | |
| Workshop | 2 | |
| Castle | 1 | |
| Gryphon Aviary | 1 | |
| Cannon Tower | 3 | |
110 total
» build order
00:33 Barracks
00:39 Altar of Kings
00:55 Farm
01:09 Farm
02:08 Farm
02:17 Scout Tower
02:56 Arcane Tower
03:02 Lumber Mill
03:47 Farm
03:51 Blacksmith
04:07 Keep
04:20 Arcane Vault
04:28 Farm
05:13 Scout Tower
05:37 Town Hall
05:39 Scout Tower
05:43 Guard Tower
05:45 Scout Tower
06:14 Guard Tower
06:17 Scout Tower
06:21 Farm
06:22 Guard Tower
06:46 Guard Tower
07:21 Arcane Sanctum
08:27 Workshop
08:43 Scout Tower
08:49 Farm
09:12 Guard Tower
09:21 Scout Tower
09:26 Castle
09:45 Farm
09:58 Guard Tower
10:02 Scout Tower
10:58 Scout Tower
11:00 Scout Tower
11:01 Guard Tower
11:06 Farm
11:08 Farm
11:40 Guard Tower
11:58 Farm
13:56 Farm
15:09 Farm
15:16 Gryphon Aviary
15:53 Farm
19:06 Town Hall
19:10 Scout Tower
19:26 Scout Tower
19:39 Scout Tower
19:40 Guard Tower
19:44 Scout Tower
20:09 Scout Tower
20:12 Guard Tower
20:15 Scout Tower
20:15 Guard Tower
20:16 Guard Tower
20:52 Guard Tower
20:54 Scout Tower
20:57 Scout Tower
20:58 Guard Tower
20:59 Guard Tower
21:03 Scout Tower
21:03 Guard Tower
21:27 Scout Tower
21:28 Guard Tower
21:29 Guard Tower
21:31 Guard Tower
21:43 Guard Tower
21:43 Guard Tower
22:36 Scout Tower
22:37 Guard Tower
23:11 Scout Tower
23:32 Scout Tower
23:34 Guard Tower
23:37 Scout Tower
23:42 Guard Tower
23:43 Scout Tower
24:06 Guard Tower
24:14 Lumber Mill
24:16 Guard Tower
24:18 Scout Tower
24:19 Guard Tower
25:22 Scout Tower
25:23 Guard Tower
25:28 Scout Tower
25:59 Guard Tower
26:03 Guard Tower
26:07 Lumber Mill
33:03 Town Hall
33:06 Scout Tower
33:08 Scout Tower
33:10 Scout Tower
33:12 Scout Tower
33:42 Cannon Tower
33:45 Guard Tower
33:48 Cannon Tower
33:49 Guard Tower
34:04 Barracks
34:28 Workshop
34:29 Scout Tower
34:59 Guard Tower
35:00 Guard Tower
35:08 Scout Tower
35:12 Scout Tower
35:42 Cannon Tower
35:49 Guard Tower
40:44 Scout Tower
41:28 Cannon Tower
42:44 Scout Tower
42:45 Guard Tower
42:46 Guard Tower
» items
| Scroll of Regeneration | 1 | |
| Orb of Corruption | 1 | |
| Orb of Fire | 1 | |
| Scroll of Town Portal | 1 | |
4 total
team 2 (winner)
twa1337 (
teal | 79 APM | 4123 actions | 52:06)
6 Warden
3 Shadow Strike
3 Blink
» actions
| Assign group hotkey | 173 | |
| Basic commands | 42 | |
| Build / train | 104 | |
| ESC pressed | 8 | |
| Enter build submenu | 36 | |
| Enter hero's abilities submenu | 6 | |
| Give item / drop item | 3 | |
| Remove unit from queue | 6 | |
| Right click | 2565 | |
| Select / deselect | 648 | |
| Select group hotkey | 253 | |
| Use ability | 276 | |
4123 total
» units
| Wisp | 42 | |
| Goblin Zeppelin | 2 | |
| Druid of the Talon | 9 | |
| Glaive Thrower | 4 | |
57 total
» upgrades
| Strength of the Wild | 3 | |
| Well Spring | 1 | |
| Reinforced Hides | 3 | |
| Druid of the Talon Training | 2 | |
| Corrosive Breath | 1 | |
| Mark of the Talon | 1 | |
11 total
» buildings
| Altar of Elders | 3 | |
| Moon Well | 21 | |
| Tree of Ages | 3 | |
| Hunter's Hall | 2 | |
| Tree of Eternity | 3 | |
| Tree of Life | 6 | |
| Ancient of Wind | 2 | |
| Chimaera Roost | 2 | |
| Ancient of War | 2 | |
44 total
» build order
00:02 Altar of Elders
00:03 Moon Well
00:06 Altar of Elders
01:27 Moon Well
03:31 Tree of Ages
03:32 Tree of Ages
04:18 Hunter's Hall
04:21 Moon Well
04:21 Moon Well
05:21 Moon Well
05:22 Moon Well
06:28 Moon Well
06:29 Moon Well
06:29 Moon Well
08:14 Tree of Eternity
08:14 Tree of Eternity
09:01 Tree of Life
09:21 Tree of Life
10:06 Ancient of Wind
10:06 Ancient of Wind
12:55 Chimaera Roost
12:55 Chimaera Roost
21:35 Tree of Life
22:06 Tree of Life
22:57 Moon Well
22:58 Moon Well
22:59 Moon Well
23:01 Moon Well
23:08 Moon Well
23:09 Moon Well
23:11 Moon Well
23:12 Moon Well
23:12 Moon Well
23:15 Moon Well
26:02 Tree of Life
26:27 Tree of Life
27:44 Moon Well
45:48 Moon Well
47:15 Altar of Elders
50:13 Ancient of War
50:14 Ancient of War
50:18 Hunter's Hall
» items
| Boots of Speed | 1 | |
| Staff of Teleportation | 1 | |
| Orb of Lightning | 1 | |
3 total
twa151 (
green | 107 APM | 5577 actions | 52:06)
5 Archmage
2 Blizzard
3 Brilliance Aura
5 Blood Mage
3 Flame Strike
2 Banish
4 Pandaren Brewmaster
2 Breath of Fire
2 Drunken Haze
» actions
| Assign group hotkey | 17 | |
| Basic commands | 23 | |
| Build / train | 171 | |
| Enter build submenu | 123 | |
| Enter hero's abilities submenu | 14 | |
| Give item / drop item | 10 | |
| Remove unit from queue | 3 | |
| Right click | 3098 | |
| Select / deselect | 896 | |
| Select group hotkey | 685 | |
| Use ability | 536 | |
5577 total
» units
| Peasant | 22 | |
| Priest | 1 | |
| Sorceress | 2 | |
| Dragonhawk Rider | 7 | |
32 total
» upgrades
| Masonry | 3 | |
| Lumber Harvesting | 1 | |
| Magic Sentry | 1 | |
| Priest Training | 2 | |
| Sorceress Training | 2 | |
| Cloud | 1 | |
| Swords | 3 | |
| Armor | 4 | |
| Animal War Training | 1 | |
18 total
» buildings
| Altar of Kings | 1 | |
| Farm | 16 | |
| Lumber Mill | 2 | |
| Scout Tower | 216 | |
| Guard Tower | 59 | |
| Arcane Tower | 10 | |
| Keep | 1 | |
| Town Hall | 3 | |
| Arcane Vault | 2 | |
| Castle | 1 | |
| Arcane Sanctum | 1 | |
| Gryphon Aviary | 5 | |
| Barracks | 1 | |
| Blacksmith | 1 | |
319 total
» build order
00:07 Altar of Kings
00:21 Farm
00:35 Lumber Mill
00:42 Farm
01:30 Scout Tower
01:38 Scout Tower
01:44 Scout Tower
01:57 Guard Tower
02:01 Scout Tower
02:15 Guard Tower
02:16 Guard Tower
02:16 Guard Tower
02:19 Scout Tower
02:28 Arcane Tower
02:29 Scout Tower
02:41 Guard Tower
02:49 Guard Tower
02:51 Scout Tower
02:57 Guard Tower
02:59 Scout Tower
03:01 Scout Tower
03:19 Arcane Tower
03:20 Scout Tower
03:29 Arcane Tower
03:30 Arcane Tower
03:30 Scout Tower
03:32 Scout Tower
03:41 Guard Tower
03:42 Scout Tower
03:43 Scout Tower
04:06 Guard Tower
04:06 Guard Tower
04:14 Keep
04:17 Guard Tower
04:19 Scout Tower
04:20 Scout Tower
04:22 Scout Tower
04:22 Scout Tower
04:26 Scout Tower
04:27 Scout Tower
04:27 Scout Tower
04:57 Guard Tower
05:00 Arcane Tower
05:04 Farm
06:53 Town Hall
07:46 Guard Tower
07:47 Scout Tower
07:48 Scout Tower
07:49 Scout Tower
07:50 Scout Tower
08:30 Guard Tower
08:49 Scout Tower
08:50 Scout Tower
08:51 Scout Tower
08:52 Scout Tower
08:53 Scout Tower
09:13 Guard Tower
09:15 Scout Tower
09:16 Scout Tower
09:18 Scout Tower
09:18 Scout Tower
09:19 Scout Tower
09:20 Scout Tower
09:20 Scout Tower
09:34 Arcane Vault
09:34 Arcane Vault
09:52 Castle
10:43 Guard Tower
10:52 Guard Tower
11:00 Scout Tower
11:00 Scout Tower
11:01 Scout Tower
11:01 Scout Tower
11:20 Scout Tower
11:21 Scout Tower
11:21 Scout Tower
11:22 Scout Tower
11:23 Scout Tower
11:25 Scout Tower
11:26 Scout Tower
11:27 Scout Tower
12:12 Scout Tower
13:11 Guard Tower
13:47 Arcane Sanctum
13:50 Guard Tower
13:52 Arcane Tower
13:53 Guard Tower
14:24 Arcane Tower
14:26 Lumber Mill
14:33 Guard Tower
14:37 Scout Tower
14:39 Scout Tower
14:39 Scout Tower
14:40 Scout Tower
14:40 Scout Tower
14:43 Scout Tower
14:44 Scout Tower
14:44 Scout Tower
14:49 Guard Tower
14:54 Scout Tower
14:55 Scout Tower
14:56 Scout Tower
15:34 Guard Tower
15:53 Guard Tower
16:28 Guard Tower
16:38 Scout Tower
16:40 Scout Tower
16:41 Scout Tower
16:44 Scout Tower
16:46 Scout Tower
16:46 Scout Tower
16:47 Scout Tower
16:48 Scout Tower
16:54 Gryphon Aviary
16:55 Gryphon Aviary
17:00 Scout Tower
17:00 Scout Tower
17:04 Scout Tower
17:05 Scout Tower
17:06 Scout Tower
17:12 Scout Tower
17:13 Scout Tower
17:13 Scout Tower
17:14 Scout Tower
17:23 Guard Tower
18:09 Guard Tower
18:12 Guard Tower
18:41 Guard Tower
18:47 Guard Tower
19:04 Farm
19:07 Farm
19:21 Guard Tower
19:23 Guard Tower
19:46 Scout Tower
19:47 Scout Tower
19:50 Scout Tower
19:55 Barracks
19:56 Blacksmith
19:57 Guard Tower
19:58 Scout Tower
20:00 Scout Tower
20:01 Scout Tower
20:03 Scout Tower
20:29 Guard Tower
20:34 Scout Tower
20:35 Scout Tower
20:36 Scout Tower
20:38 Scout Tower
20:38 Scout Tower
20:40 Scout Tower
20:42 Guard Tower
20:43 Scout Tower
20:44 Scout Tower
20:45 Scout Tower
20:46 Scout Tower
21:38 Guard Tower
21:41 Scout Tower
21:42 Scout Tower
21:43 Scout Tower
21:43 Scout Tower
23:23 Guard Tower
23:28 Guard Tower
23:32 Guard Tower
23:34 Scout Tower
23:34 Scout Tower
24:30 Guard Tower
24:35 Scout Tower
24:35 Scout Tower
26:35 Guard Tower
26:37 Scout Tower
26:39 Scout Tower
26:39 Scout Tower
26:40 Scout Tower
26:43 Guard Tower
26:47 Scout Tower
26:49 Scout Tower
26:49 Scout Tower
26:50 Scout Tower
27:01 Guard Tower
27:16 Scout Tower
27:17 Scout Tower
27:17 Scout Tower
27:39 Scout Tower
27:40 Scout Tower
27:40 Scout Tower
27:41 Scout Tower
27:41 Scout Tower
27:42 Scout Tower
27:44 Scout Tower
27:44 Scout Tower
27:45 Scout Tower
28:41 Scout Tower
28:42 Scout Tower
28:43 Scout Tower
28:43 Scout Tower
28:44 Scout Tower
28:47 Scout Tower
28:48 Scout Tower
28:49 Scout Tower
28:49 Scout Tower
28:50 Scout Tower
28:51 Scout Tower
28:51 Scout Tower
28:52 Scout Tower
28:52 Scout Tower
28:53 Scout Tower
28:54 Guard Tower
29:07 Guard Tower
29:23 Scout Tower
29:23 Scout Tower
29:24 Scout Tower
29:24 Scout Tower
29:25 Scout Tower
29:25 Scout Tower
29:26 Scout Tower
29:26 Scout Tower
29:27 Scout Tower
29:28 Scout Tower
29:28 Scout Tower
29:28 Scout Tower
29:29 Scout Tower
29:30 Scout Tower
30:13 Scout Tower
30:13 Scout Tower
30:14 Scout Tower
30:15 Scout Tower
30:15 Scout Tower
30:16 Scout Tower
30:17 Scout Tower
30:17 Scout Tower
30:18 Scout Tower
30:18 Scout Tower
30:19 Scout Tower
30:20 Scout Tower
30:20 Scout Tower
30:21 Scout Tower
30:22 Scout Tower
30:22 Scout Tower
30:23 Scout Tower
30:24 Scout Tower
30:24 Scout Tower
30:25 Scout Tower
30:25 Scout Tower
30:26 Scout Tower
30:26 Scout Tower
30:27 Scout Tower
30:28 Scout Tower
30:28 Scout Tower
30:29 Scout Tower
30:29 Scout Tower
30:30 Scout Tower
30:30 Scout Tower
30:31 Scout Tower
30:31 Scout Tower
30:31 Scout Tower
30:45 Guard Tower
30:47 Guard Tower
31:05 Guard Tower
31:07 Guard Tower
31:11 Guard Tower
31:21 Guard Tower
31:41 Guard Tower
31:46 Guard Tower
31:50 Guard Tower
32:31 Guard Tower
33:08 Guard Tower
35:21 Guard Tower
38:30 Scout Tower
38:31 Scout Tower
38:32 Scout Tower
38:32 Scout Tower
38:33 Scout Tower
38:37 Scout Tower
38:37 Scout Tower
38:38 Scout Tower
38:39 Scout Tower
40:41 Arcane Tower
40:47 Scout Tower
40:48 Gryphon Aviary
40:49 Gryphon Aviary
40:55 Farm
40:56 Farm
40:57 Farm
40:57 Farm
41:01 Farm
41:02 Farm
41:02 Farm
41:14 Gryphon Aviary
41:19 Farm
41:20 Farm
41:20 Farm
41:21 Farm
41:22 Guard Tower
41:36 Arcane Tower
48:06 Scout Tower
49:19 Town Hall
49:23 Town Hall
49:39 Scout Tower
49:40 Scout Tower
49:40 Scout Tower
49:41 Scout Tower
49:41 Scout Tower
49:43 Scout Tower
49:44 Scout Tower
49:44 Scout Tower
49:45 Scout Tower
49:46 Scout Tower
49:46 Scout Tower
49:47 Scout Tower
49:47 Scout Tower
49:48 Scout Tower
49:48 Scout Tower
49:49 Scout Tower
49:49 Scout Tower
49:50 Scout Tower
49:50 Scout Tower
49:51 Scout Tower
» items
| Healing Salve | 5 | |
| Lesser Clarity Potion | 6 | |
| Boots of Speed | 6 | |
| Staff of Teleportation | 3 | |
| Scroll of Town Portal | 2 | |
| Staff of Sanctuary | 3 | |
| Orb of Lightning | 1 | |
| Potion of Lesser Invulnerability | 1 | |
27 total
twa800 (
purple | 95 APM | 4933 actions | 52:06)
5 Archmage
3 Blizzard
2 Brilliance Aura
4 Mountain King
2 Storm Bolt
2 Bash
4 Paladin
2 Holy Light
2 Divine Shield
» actions
| Assign group hotkey | 26 | |
| Basic commands | 68 | |
| Build / train | 232 | |
| ESC pressed | 7 | |
| Enter build submenu | 113 | |
| Enter hero's abilities submenu | 13 | |
| Give item / drop item | 7 | |
| Right click | 1985 | |
| Select / deselect | 570 | |
| Select group hotkey | 1434 | |
| Use ability | 475 | |
4933 total
» units
| Peasant | 25 | |
| Dragonhawk Rider | 10 | |
35 total
» upgrades
| Masonry | 2 | |
| Magic Sentry | 1 | |
| Priest Training | 1 | |
| Sorceress Training | 1 | |
| Armor | 3 | |
| Swords | 3 | |
11 total
» buildings
| Lumber Mill | 2 | |
| Farm | 11 | |
| Altar of Kings | 6 | |
| Scout Tower | 219 | |
| Arcane Tower | 15 | |
| Guard Tower | 137 | |
| Town Hall | 2 | |
| Keep | 1 | |
| Castle | 1 | |
| Arcane Sanctum | 1 | |
| Arcane Vault | 3 | |
| Gryphon Aviary | 1 | |
| Blacksmith | 1 | |
400 total
» build order
00:18 Lumber Mill
00:30 Farm
00:33 Altar of Kings
01:20 Scout Tower
01:32 Scout Tower
01:40 Farm
01:49 Arcane Tower
01:51 Scout Tower
02:12 Guard Tower
02:16 Scout Tower
02:20 Guard Tower
02:23 Scout Tower
02:43 Guard Tower
02:45 Scout Tower
02:53 Guard Tower
03:00 Scout Tower
03:00 Scout Tower
03:03 Scout Tower
03:05 Scout Tower
03:36 Guard Tower
03:37 Guard Tower
03:39 Scout Tower
03:40 Scout Tower
03:42 Guard Tower
03:42 Arcane Tower
03:57 Guard Tower
04:05 Scout Tower
04:06 Guard Tower
04:07 Guard Tower
04:54 Town Hall
05:00 Guard Tower
05:05 Scout Tower
05:09 Scout Tower
05:11 Guard Tower
05:11 Guard Tower
05:12 Guard Tower
05:12 Guard Tower
05:34 Guard Tower
05:35 Guard Tower
05:35 Guard Tower
05:35 Guard Tower
05:36 Scout Tower
05:54 Keep
06:08 Guard Tower
06:09 Scout Tower
06:10 Scout Tower
06:43 Guard Tower
06:47 Scout Tower
06:48 Scout Tower
06:49 Scout Tower
06:50 Scout Tower
06:51 Scout Tower
06:52 Scout Tower
07:07 Guard Tower
07:11 Scout Tower
07:24 Guard Tower
07:38 Scout Tower
07:39 Scout Tower
07:40 Scout Tower
07:41 Scout Tower
07:42 Guard Tower
07:43 Guard Tower
07:47 Guard Tower
08:16 Guard Tower
08:17 Castle
08:20 Arcane Sanctum
08:24 Scout Tower
08:25 Scout Tower
08:25 Scout Tower
08:38 Guard Tower
08:39 Guard Tower
08:39 Guard Tower
08:53 Arcane Vault
08:54 Arcane Vault
08:55 Arcane Vault
08:59 Guard Tower
09:12 Guard Tower
09:47 Guard Tower
09:49 Scout Tower
09:50 Scout Tower
09:51 Scout Tower
09:51 Scout Tower
10:00 Guard Tower
10:06 Scout Tower
10:06 Scout Tower
10:07 Scout Tower
10:08 Scout Tower
11:01 Guard Tower
11:01 Guard Tower
11:08 Guard Tower
11:08 Guard Tower
11:08 Guard Tower
11:10 Scout Tower
11:11 Scout Tower
11:11 Scout Tower
11:16 Scout Tower
11:17 Scout Tower
11:17 Scout Tower
11:18 Scout Tower
11:18 Scout Tower
11:19 Scout Tower
11:20 Scout Tower
11:21 Scout Tower
11:22 Scout Tower
11:23 Scout Tower
11:50 Gryphon Aviary
11:51 Blacksmith
11:54 Farm
12:00 Guard Tower
12:52 Guard Tower
12:54 Guard Tower
12:55 Scout Tower
12:56 Scout Tower
12:56 Scout Tower
12:57 Scout Tower
13:09 Guard Tower
13:09 Guard Tower
13:13 Guard Tower
13:13 Guard Tower
13:13 Guard Tower
14:30 Guard Tower
14:33 Scout Tower
14:34 Scout Tower
14:34 Scout Tower
14:35 Scout Tower
15:25 Guard Tower
15:26 Farm
15:34 Scout Tower
15:35 Scout Tower
15:36 Scout Tower
15:36 Scout Tower
15:37 Scout Tower
15:37 Scout Tower
15:38 Scout Tower
15:39 Scout Tower
15:39 Scout Tower
15:42 Guard Tower
16:10 Scout Tower
16:10 Scout Tower
16:11 Scout Tower
16:12 Scout Tower
16:12 Scout Tower
16:13 Scout Tower
16:14 Scout Tower
16:16 Scout Tower
16:18 Scout Tower
16:19 Scout Tower
16:20 Scout Tower
16:22 Scout Tower
16:33 Guard Tower
16:39 Scout Tower
16:40 Scout Tower
16:41 Scout Tower
17:21 Arcane Tower
17:26 Guard Tower
17:29 Farm
17:31 Scout Tower
17:31 Scout Tower
17:32 Guard Tower
17:33 Guard Tower
17:35 Guard Tower
17:35 Guard Tower
17:39 Arcane Tower
17:39 Arcane Tower
17:39 Arcane Tower
17:39 Arcane Tower
17:48 Guard Tower
18:49 Guard Tower
18:51 Arcane Tower
18:52 Arcane Tower
18:54 Arcane Tower
19:00 Scout Tower
19:01 Scout Tower
19:43 Guard Tower
19:45 Scout Tower
19:45 Scout Tower
19:46 Scout Tower
19:47 Scout Tower
19:47 Scout Tower
19:48 Scout Tower
19:49 Scout Tower
19:54 Arcane Tower
20:02 Guard Tower
20:03 Scout Tower
20:03 Scout Tower
20:04 Scout Tower
20:30 Guard Tower
20:32 Guard Tower
20:34 Arcane Tower
21:32 Guard Tower
21:35 Arcane Tower
21:38 Arcane Tower
21:47 Scout Tower
21:47 Scout Tower
21:48 Scout Tower
21:49 Scout Tower
22:43 Guard Tower
22:43 Guard Tower
22:43 Guard Tower
23:00 Guard Tower
23:03 Scout Tower
23:04 Scout Tower
23:05 Scout Tower
23:30 Scout Tower
23:30 Scout Tower
23:31 Scout Tower
23:32 Scout Tower
23:32 Scout Tower
23:33 Scout Tower
23:34 Scout Tower
23:35 Scout Tower
23:36 Scout Tower
24:00 Guard Tower
24:10 Guard Tower
24:33 Guard Tower
24:36 Guard Tower
24:58 Guard Tower
25:01 Scout Tower
25:03 Scout Tower
25:04 Scout Tower
25:06 Scout Tower
25:06 Scout Tower
25:07 Scout Tower
25:08 Scout Tower
25:08 Scout Tower
25:09 Scout Tower
25:10 Scout Tower
25:11 Scout Tower
25:11 Scout Tower
25:12 Scout Tower
25:13 Scout Tower
25:13 Scout Tower
25:28 Scout Tower
25:29 Scout Tower
25:30 Scout Tower
25:31 Scout Tower
26:13 Guard Tower
26:20 Guard Tower
26:22 Scout Tower
26:22 Scout Tower
26:23 Scout Tower
26:36 Guard Tower
27:01 Guard Tower
27:48 Guard Tower
27:52 Guard Tower
28:06 Scout Tower
28:06 Scout Tower
28:07 Scout Tower
28:08 Scout Tower
28:39 Guard Tower
29:18 Guard Tower
29:26 Altar of Kings
29:28 Guard Tower
29:29 Scout Tower
29:29 Scout Tower
29:30 Scout Tower
29:31 Scout Tower
29:33 Guard Tower
29:37 Altar of Kings
30:29 Guard Tower
30:48 Altar of Kings
30:49 Altar of Kings
30:50 Altar of Kings
31:16 Guard Tower
31:18 Scout Tower
31:19 Scout Tower
31:20 Scout Tower
31:21 Scout Tower
31:21 Scout Tower
31:22 Scout Tower
31:22 Scout Tower
31:23 Scout Tower
31:24 Scout Tower
31:24 Scout Tower
31:25 Scout Tower
31:26 Scout Tower
31:27 Scout Tower
31:28 Scout Tower
31:29 Scout Tower
31:48 Farm
31:49 Farm
31:50 Farm
32:16 Lumber Mill
32:52 Farm
32:52 Farm
32:53 Farm
33:11 Guard Tower
33:12 Guard Tower
34:04 Guard Tower
35:30 Town Hall
35:44 Guard Tower
35:47 Guard Tower
36:58 Scout Tower
36:59 Scout Tower
37:00 Scout Tower
37:02 Scout Tower
37:03 Scout Tower
37:04 Scout Tower
37:05 Scout Tower
37:06 Scout Tower
37:08 Scout Tower
37:09 Scout Tower
37:10 Scout Tower
37:11 Scout Tower
37:12 Scout Tower
37:14 Scout Tower
37:15 Scout Tower
37:17 Scout Tower
37:18 Scout Tower
37:19 Scout Tower
37:20 Scout Tower
37:21 Scout Tower
37:22 Scout Tower
37:23 Scout Tower
37:24 Scout Tower
37:24 Scout Tower
37:25 Scout Tower
37:26 Scout Tower
37:27 Scout Tower
37:28 Scout Tower
37:29 Scout Tower
37:30 Scout Tower
37:32 Scout Tower
37:34 Scout Tower
37:35 Scout Tower
37:37 Scout Tower
37:38 Scout Tower
37:39 Scout Tower
38:03 Guard Tower
38:11 Guard Tower
38:11 Guard Tower
38:21 Guard Tower
38:44 Guard Tower
38:44 Guard Tower
38:45 Guard Tower
38:48 Scout Tower
38:49 Scout Tower
38:50 Scout Tower
38:50 Scout Tower
38:52 Scout Tower
38:52 Scout Tower
38:54 Scout Tower
38:54 Scout Tower
38:55 Scout Tower
38:56 Scout Tower
38:56 Scout Tower
38:57 Scout Tower
39:14 Guard Tower
39:14 Guard Tower
39:28 Guard Tower
39:45 Guard Tower
39:51 Guard Tower
40:12 Guard Tower
40:12 Guard Tower
40:28 Guard Tower
40:28 Guard Tower
40:53 Guard Tower
40:56 Guard Tower
41:09 Guard Tower
41:09 Guard Tower
41:23 Guard Tower
42:06 Guard Tower
42:16 Guard Tower
42:23 Scout Tower
42:25 Scout Tower
42:26 Scout Tower
42:27 Scout Tower
42:40 Scout Tower
42:40 Scout Tower
42:40 Scout Tower
42:43 Scout Tower
42:44 Scout Tower
43:14 Guard Tower
43:49 Guard Tower
44:33 Guard Tower
45:01 Guard Tower
45:01 Guard Tower
45:02 Guard Tower
45:06 Guard Tower
45:18 Guard Tower
46:34 Scout Tower
46:36 Scout Tower
46:41 Guard Tower
47:20 Guard Tower
47:33 Guard Tower
47:58 Guard Tower
49:31 Guard Tower
49:46 Guard Tower
50:13 Guard Tower
» items
| Staff of Teleportation | 3 | |
| Boots of Speed | 3 | |
| Healing Salve | 1 | |
| Lesser Clarity Potion | 1 | |
| Staff of Sanctuary | 3 | |
| Orb of Lightning | 3 | |
14 total
twalI00 (
blue | 122 APM | 6364 actions | 52:05)
6 Blademaster
3 Wind Walk
2 Critical Strike
1 Bladestorm
3 Shadow Hunter
2 Healing Wave
1 Hex
» actions
| Assign group hotkey | 792 | |
| Basic commands | 21 | |
| Build / train | 138 | |
| Enter build submenu | 21 | |
| Enter hero's abilities submenu | 9 | |
| Give item / drop item | 8 | |
| Remove unit from queue | 4 | |
| Right click | 3666 | |
| Select / deselect | 403 | |
| Select group hotkey | 889 | |
| Use ability | 413 | |
6364 total
» units
| Peon | 13 | |
| Troll Batrider | 86 | |
| Goblin Zeppelin | 2 | |
101 total
» upgrades
| Armor | 3 | |
| Ranged Weapons | 4 | |
| Liquid Fire | 2 | |
9 total
» buildings
| Altar of Storms | 1 | |
| Orc Burrow | 4 | |
| Voodoo Lounge | 5 | |
| Stronghold | 1 | |
| Fortress | 1 | |
| War Mill | 1 | |
| Beastiary | 5 | |
| Great Hall | 1 | |
| Barracks | 1 | |
20 total
» build order
00:31 Altar of Storms
00:46 Orc Burrow
01:22 Voodoo Lounge
01:30 Voodoo Lounge
04:55 Voodoo Lounge
05:02 Stronghold
06:19 Voodoo Lounge
06:51 Orc Burrow
07:50 Voodoo Lounge
07:51 Fortress
07:54 War Mill
08:10 Beastiary
08:36 Beastiary
08:42 Orc Burrow
08:43 Orc Burrow
09:05 Beastiary
15:41 Great Hall
23:47 Barracks
29:37 Beastiary
29:39 Beastiary
» items
| Healing Salve | 3 | |
| Lesser Clarity Potion | 3 | |
| Boots of Speed | 1 | |
| Staff of Teleportation | 1 | |
| Circlet of Nobility | 1 | |
| Orb of Lightning | 2 | |
11 total
Chat log
(00:01 / All) twa800: 4 a sec
(00:01 / All) twa800: pleas?E
(00:08 / All) twa800: 4 a sec??
(00:09 / All) twa800: 1 sec
(00:10 / All) mentalpatient: please sir
(00:11 / All) mentalpatient: kindly
(00:12 / All) icho_mann: lol
(00:13 / All) icho_mann: XDDDDD
(00:24 / All) twa800: twa is our clan..lol...]
(00:27 / All) mentalpatient: u guys wanna be yellows pet gimp?
(00:39 / All) twa800: huh
(00:44 / All) twa800: we sahre abuse yes ?
(00:48 / All) twa151: we leave
(00:49 / All) mentalpatient: mass bats?
(00:50 / All) twa151: go 50-0
(00:53 / All) twa151: abuse 50-0 w/ us?
(01:00 / All) icho_mann: sorry?
(01:06 / All) twa800: me leave u leav?E
(01:10 / All) twa800: 50-0 yes?
(01:14 / All) Dr.smirnoFF(oO): yes :D
(01:18 / All) icho_mann: yes
(01:19 / All) Dr.smirnoFF(oO): go leave
(01:26 / All) twa151: $3 we leave
(01:27 / All) icho_mann: we eave nex tgame
(01:28 / All) twa800: meet in channel abuse21 afteR?
(01:40 / All) icho_mann: no
(01:42 / All) Dr.smirnoFF(oO): hahahaa
(01:45 / All) icho_mann: and then we meet
(02:01 / All) mentalpatient: do u have to be a complete twat to join ur clan or can you learn it on the job?
(02:02 / All) twa800: we meet for 5-0 ? yes
(02:03 / All) icho_mann: yo uwanna fool us?
(02:07 / All) twa800: wtf..
(02:22 / All) icho_mann: just leave if you are seriosu
(02:24 / All) icho_mann: we are serious
(02:28 / All) twa800: i have 2 know if ure real ?
(02:49 / All) icho_mann: you are poussy
(02:51 / All) icho_mann: just talk
(02:52 / All) icho_mann: no leave
(03:05 / All) twa1337: good micro pink
(03:12 / All) mentalpatient: ty
(03:25 / All) twa1337: good surround
(03:26 / All) twa1337: jk
(03:56 / All) mentalpatient: good rush u ass monkeys
(05:48 / All) twa151: good
(06:39 / Allies) twa800: agi tome
(22:32 / All) twa151: dr smirnoff
(22:32 / All) twa151: we've met before
(22:33 / All) twalI00: you're going to lose this game :(
(22:34 / All) twa151: do you remember
(22:39 / All) Dr.smirnoFF(oO): no
(22:48 / All) twa151: team 2: Humanboshi (114 APM) UndeadDR.SmiRnoff(oO) (51 APM) Undeadmentalpatient (62 APM)
(22:55 / All) twa151: http://highper.ch/index.phpa%20battle%20for%20pizza
(22:57 / All) twa151: dragonblight
(22:58 / All) twa151: 3v3
(23:05 / All) twa151: Uploaded February 12 2012 19:14:36
(23:10 / All) Dr.smirnoFF(oO): ooo no ;/
(26:53 / All) twa151: http://highper.ch/
(26:54 / All) twa151: clan towa
(26:55 / All) twa151: remember us
(30:45 / All) mentalpatient: u failed
(30:50 / All) twalI00: ??
(30:50 / All) twa151: ?????
(30:51 / All) twalI00: this is great
(36:00 / All) twa151: lol
(36:55 / All) icho_mann: GIVE ME GOLD
(36:58 / All) twa151: i wish i could
(37:01 / All) twa151: this game would last longer
(37:04 / All) twa151: i love this game
(37:13 / All) mentalpatient: 10 hawks incoming
(37:16 / All) mentalpatient: u suck ass
(37:21 / All) twa151: ok
(39:12 / All) icho_mann: DEF MY EXE
(44:51 / All) twa151: u likle?
(46:07 / All) twa151: bye
(46:08 / All) I.m_ProWleR: =
(46:22 / All) twa1337: how yall lose so easy ???
(46:30 / All) twa151: fucking
(46:31 / All) twa151: amazing
(46:33 / All) twa151: thanks for free win
(46:35 / All) twa151: clan towa #1
(46:41 / All) twa151: this the second time we beat you?
(46:42 / All) twa151: or 3
(46:43 / All) Dr.smirnoFF(oO): lol
(46:53 / All) Dr.smirnoFF(oO): 1
(47:09 / All) twalI00: fucking hell you're bad
(47:31 / All) twa151: http://highper.ch/
(48:42 / All) twa151: i love this game
(48:45 / All) icho_mann: DONT ATACK
(48:47 / All) twa151: if i drop 6 tps will you sell them
(49:48 / All) twa1337: gg scrubs
(49:50 / All) twa800: cya
(49:51 / All) twa800: cya
(49:52 / All) twa800: cua
(49:52 / All) twa1337: gtfo my game
(49:53 / All) twalI00: thanks for being so bad
(49:53 / All) twa151: clan towa #1
(49:54 / All) twa800: cya
(49:54 / All) twa151: again
(49:55 / All) twa800: cy
(49:57 / All) twa151: see u soon!
(50:01 / All) twa800: CYAAAA!!!!!
(50:03 / All) twa1337: we beat U Once.. we WILL beat u . .. again
(51:06 / All) twalI00: hey mentalpatient
(51:08 / All) twalI00: you still here?
(51:14 / All) twalI00: want to ask you 1 question
(51:17 / All) twa800: u mental or somethign??
(51:20 / All) twalI00: have you ever heard of...
(51:23 / All) twalI00: Upkeep?
(51:24 / All) twalI00: LMAOOOOOOOOO
(51:26 / All) twalI00: Kapoowwww
(51:35 / All) twalI00: bet you wish u did
(52:01 / All) twa151: mentalpatient (teal | 62 APM | 2297 actions | 37:19)